 Dungeon Crawl Stone Soup version 0.8.0-a0-5488-g5ccae7e character file.

514 Popefist the Digger (level 5, -1/30 (33) HPs)
             Began as a Mummy Earth Elementalist on Mar 3, 2011.
             Slain by an orc
             ... wielding a -1,+3 orcish morningstar of protection
              (8 damage)
             ... on Level 4 of the Dungeon.
             The game lasted 00:27:23 (7917 turns).

Popefist the Digger (Mummy Earth Elementalist)      Turns: 7917, Time: 00:27:23

HP  -1/30 (33)   AC  4     Str 11 Exp: 5/349 (31), need: 28
MP   1/9         EV 12     Int 15      God:
Gold 270         SH  0     Dex 12      Spells:  2 memorised,  4 levels left

Res.Fire  : x . .   See Invis. : +   D - +3 dwarf dagger (speed)
Res.Cold  : + . .   Warding    : . . c - +0 robe
Life Prot.: + + +   Conserve   : .   (no shield)
Res.Acid. : . . .   Res.Corr.  : .   A - +0 winged helmet
Res.Poison: +       Clarity    : .   (no cloak)
Res.Elec. : .       Spirit.Shd : .   (no gloves)
Sust.Abil.: + .     Stasis     : .   g - +0 pair of boots
Res.Mut.  : .       Ctrl.Telep.: .   (no amulet)
Res.Rott. : +       Levitation : .   q - cursed ring of see invisible
Saprovore : . . .   Ctrl.Flight: .   k - ring of sustain abilities

@: very slightly glowing, slightly resistant to hostile enchantments, unstealthy
A: cold resistance 1, life protection 3, poison resistance, torment resistance,
unbreathing
a: no special abilities


You were on level 4 of the Dungeon.
You were not hungry.

You visited 1 branch of the dungeon, and saw 4 of its levels.

You collected 250 gold pieces.

Inventory:

Hand weapons
 f - a +2,+2 orcish dagger
 C - a +0,+1 orcish short sword
 D - a +3,+3 dwarven dagger of speed (weapon)
Missiles
 b - 138 +0 stones (quivered)
 h - 3 +0 darts
 o - 19 exploding +0 sling bullets
Armour
 c - a +0 robe (worn)
 g - a +0 pair of boots (worn)
 m - a +0 robe
 p - a +0 leather armour
 y - a +2 orcish chain mail
 A - a +0 winged helmet (worn)
 F - a +0 robe
 M - a +0 orcish scale mail
Magical devices
 G - a wand of polymorph other (8)
Comestibles
 a - a choko
 i - a cheese
 s - 2 bread rations
 z - a rambutan
 B - 13 sultanas
 I - an apricot
 K - a meat ration
 L - an apple
Scrolls
 n - a scroll of curse weapon
 t - 2 scrolls of detect curse
 u - 3 scrolls of identify
 w - 2 scrolls of amnesia
 x - a scroll of recharging
Jewellery
 k - a ring of sustain abilities (left hand)
 q - a cursed ring of see invisible (right hand)
Potions
 e - 2 potions of healing {unknown}
 j - a potion of resistance {unknown}
 l - 2 potions of agility {unknown}
 r - a potion of mutation {unknown}
 v - a potion of heal wounds {unknown}
 E - a potion of restore abilities {unknown}
Books
 d - a book of Geomancy

   Spells                             Type                      Level
   *Sandblast                         Earth                        1
   Stoneskin                          Transmutation/Earth          2
   Passwall                           Transmutation/Earth          3
   *Stone Arrow                       Conjuration/Earth            3
   Petrify                            Transmutation/Earth          4
   Lee's Rapid Deconstruction         Earth                        5
   You had 31 experience left.


   Skills:
 - Level 1 Short Blades
 - Level 2 Dodging
 - Level 1 Stealth
 + Level 2 Spellcasting
 + Level 5 Earth Magic


You had 4 spell levels left.
You knew the following spells:

 Your Spells              Type           Power        Success   Level  Hunger
a - Sandblast             Erth           ####...      Excellent   1    N/A
b - Stone Arrow           Erth/Conj      ##.....      Good        3    N/A

Dungeon Overview and Level Annotations

Branches:
Dungeon (4/27)
 Temple: D:4-7

Altars:

Shops:
D:4: =

Portals:
Ziggurat: D:4 (3340 gp)


Innate Abilities, Weirdness & Mutations

Your flesh is vulnerable to fire.
Your flesh is cold resistant.
You are immune to negative energy.
Your system is resistant to poisons.
You are immune to unholy pain and torment.
You do not need to breathe.


Message History

You see here 2 darts.
Read which item? (? for menu, Esc to quit)
As you read the scroll labeled IMA TUEFRIM, it crumbles to dust.
Your ring of see invisible glows black for a moment.
It was a scroll of curse jewellery.
The orc hits you with a runed orcish morningstar!
You die...

....# ########### #.. ....#
#.........#####.# ...[#
#.........##>##.# ...\#
####.........##.##.# .))##
#............##..... ..)####
#............#####..
......######..............###..
.).......).#..................%
......###.@o(o@..(.........%..#
...(..##........#######.......#
......##........# #.......#
...?.o###....#### ##......#
..%..........# #.......
..######.....# ......##.
......# ......... ###....#
..[....## ...... ..)....##


You could see Sigmund (invisible) and 2 orcs.

Vanquished Creatures
  A hound skeleton (D:2)
  A worker ant (D:4)
  An orc wizard (D:4)
  Ijyb (D:3)
  4 snakes
  A worm (D:1)
  3 giant geckos
  18 goblins
  12 hobgoblins
  12 jackals
  13 kobolds
  10 orcs
  A quokka (D:4)
  2 small snakes
  6 giant cockroaches
  5 giant newts
  9 megabats
  15 rats
  2 toadstools
117 creatures vanquished.

Vanquished Creatures (others)
  A giant cockroach (D:3)
  A rat (D:2)
  9 toadstools
11 creatures vanquished.

Grand Total: 128 creatures vanquished

Notes
Turn   | Place    | Note
--------------------------------------------------------------
     0 | D:1      | Popefist, the Mummy Earth Elementalist, began the quest for the Orb.
     0 | D:1      | Reached XP level 1. HP: 11/11 MP: 3/3
   635 | D:1      | Reached XP level 2. HP: 13/16 MP: 3/4
   792 | D:1      | Reached skill level 3 in Earth Magic
  1587 | D:1      | Reached XP level 3. HP: 22/22 MP: 5/5
  1592 | D:1      | Learned a level 3 spell: Stone Arrow
  1991 | D:2      | Noticed Ijyb
  2780 | D:2      | Reached skill level 4 in Earth Magic
  4873 | D:2      | Reached XP level 4. HP: 17/27 MP: 6/7
  6252 | D:3      | Reached skill level 1 in Short Blades
  6394 | D:3      | Defeated Ijyb
  6693 | D:3      | Reached XP level 5. HP: 20/30 MP: 7/9
  7123 | D:3      | Reached skill level 5 in Earth Magic
  7743 | D:4      | Found a gateway to a ziggurat.
  7891 | D:4      | Noticed Sigmund
  7897 | D:4      | Found Samugg's Jewellery Shop.
  7917 | D:4      | Slain by an orc
